 Dungeon Crawl Stone Soup version 0.21.1 (webtiles) character file.

116 letownia2 the Conjurer (level 5, -2/28 HPs)
             Began as a Gargoyle Wizard on Feb 3, 2018.
             Shot with an arrow by a centaur (6 damage)
             ... on level 3 of the Dungeon.
             The game lasted 00:02:48 (1317 turns).

letownia2 the Conjurer (Gargoyle Wizard)            Turns: 1317, Time: 00:02:49

Health: -2/28      AC:  6    Str: 11    XL:     5   Next: 1%
Magic:  9/9        EV: 12    Int: 19    God:
Gold:   26         SH:  0    Dex:  8    Spells: 1/10 levels left

rFire    . . .     SeeInvis .   a - +0 mace (holy)
rCold    . . .     Gourm    .   (no shield)
rNeg     + . .     Faith    .   n - +0 robe
rPois    ∞         Spirit   .   b - +0 hat
rElec    +         Reflect  .   (no cloak)
rCorr    .         Harm     .   (no gloves)
MR       .....                  (no boots)
Stlth    ++........             (no amulet)
HPRegen  0.09/turn              (no ring)
MPRegen  0.11/turn              (no ring)

@: no status effects
A: negative energy resistance 1, electricity resistance, unbreathing,
petrification resistance, rot immunity, AC +4
a: no special abilities


You were on level 3 of the Dungeon.
You were not hungry.

You visited 1 branch of the dungeon, and saw 4 of its levels.

You collected 26 gold pieces.

Inventory:

Hand Weapons
 a - a +0 mace of holy wrath (weapon)
Missiles
 i - 8 sling bullets
 l - 4 tomahawks (quivered)
Armour
 b - a +0 hat (worn)
 k - a +0 ring mail
 n - a +0 robe (worn)
Scrolls
 e - 2 scrolls of teleportation {unknown}
 f - 2 scrolls of amnesia {unknown}
 g - a scroll of blinking {unknown}
 h - a scroll of identify {unknown}
 j - a scroll of remove curse {unknown}
 o - a scroll of noise {unknown}
Books
 c - a book of Minor Magic

   Spells                             Type                      Level
   a - Magic Dart                     Conjuration                  1
   b - Blink                          Translocation                2
   c - Call Imp                       Summoning                    2
   d - Slow                           Hexes                        2
   e - Conjure Flame                  Conjuration/Fire             3
   f - Mephitic Cloud                 Conjuration/Poison/Air       3
Comestibles
 d - 4 rations
 m - 4 chunks of flesh


   Skills:
 - Level 1.5 Dodging
 - Level 2.1 Stealth
 - Level 3.0 Spellcasting
 - Level 4.4 Conjurations
   Level 0.8 Summonings
 + Level 1.2 Translocations
 + Level 0.7 Fire Magic
 + Level 0.5 Air Magic
 + Level 0.7 Poison Magic


You had one spell level left.
You knew the following spells:

 Your Spells              Type           Power        Failure   Level  Hunger
a - Magic Dart            Conj           ###.         2%          1    None
b - Blink                 Tloc           N/A          14%         2    ##.....
c - Conjure Flame         Conj/Fire      ##......     16%         3    ###....
e - Mephitic Cloud        Conj/Pois/Air  ##......     21%         3    ###....


Dungeon Overview and Level Annotations

Branches:
Dungeon (4/15)
 Temple: D:4-7

Altars:
Fedhas
Trog

Annotations:
D:4 exclusion: goblin, Robin


Innate Abilities, Weirdness & Mutations

You are resistant to torment.
Your stone body is resilient. (AC +4)
You are immune to poison.
You resist negative energy. (rN+)
You are resistant to electric shocks. (rElec)
You can survive without breathing.
You are immune to petrification.
You are immune to rotting.


Message History

The centaur shoots an arrow.
The arrow misses you.
The centaur shoots an arrow.
The arrow hits you!
The centaur shoots an arrow.
The arrow barely misses you.
You see here 2 arrows.
You see here a club.
You see here a falchion.
The gnoll misses you. The gnoll barely misses you. The gnoll hits you.
The centaur shoots an arrow.
The arrow closely misses you.
The centaur shoots an arrow.
The arrow hits you but does no damage.
There is a stone staircase leading up here.
You see here an arrow.
The centaur shoots an arrow.
The arrow hits you!
You see here an arrow.
The centaur shoots an arrow.
The arrow hits you.
* * * LOW HITPOINT WARNING * * *
You see here an arrow.
The centaur shoots an arrow.
The arrow hits you.
You die...

. ##.# ## #..# ..
###########.# ##.#
##..>##......######..#
##...................##
#.....@................
#......(...............
#.......g...c.....(##<.
##.[.....K.......#K)...
##...##...#########)..
##...(...gg.ggg......
###################.
#.. #..


You could see a centaur, 3 gnolls and a kobold.

Vanquished Creatures
  2 hounds (D:4)
  3 adders
  2 dart slugs (D:1)
  A leopard gecko (D:4)
  6 orcs
  A bat (D:2)
  A goblin (D:3)
  A hobgoblin (D:3)
  A kobold (D:1)
  3 frilled lizards
  A rat (D:1)
22 creatures vanquished.

Notes
Turn   | Place    | Note
-------+----------+-------------------------------------------
     0 | D:1      | letownia2 the Gargoyle Wizard began the quest for the Orb.
     0 | D:1      | Reached XP level 1. HP: 10/10 MP: 4/4
   297 | D:1      | Reached skill level 2 in Conjurations
   342 | D:1      | Reached XP level 2. HP: 15/15 MP: 1/6
   448 | D:2      | Found a faded altar of an unknown god.
   477 | D:2      | Found a blossoming altar of Fedhas.
   516 | D:2      | Reached skill level 3 in Conjurations
   740 | D:3      | Reached XP level 3. HP: 19/19 MP: 3/7
   872 | D:4      | Learned a level 3 spell: Mephitic Cloud
   876 | D:4      | Learned a level 3 spell: Conjure Flame
   883 | D:4      | Found a bloodstained altar of Trog.
  1093 | D:4      | Reached skill level 4 in Conjurations
  1093 | D:4      | Reached XP level 4. HP: 18/24 MP: 0/8
  1103 | D:4      | Learned a level 2 spell: Blink
  1164 | D:4      | Reached skill level 1 in Translocations
  1229 | D:4      | Reached XP level 5. HP: 28/28 MP: 3/9
  1237 | D:4      | Noticed Robin
  1295 | D:3      | Noticed a centaur
  1317 | D:3      | Shot with an arrow by a centaur

Skill      XL: |  1  2  3  4 |
---------------+-------------+-----
Conjurations   | 2 3 4 |  4.4
Translocations | 1 |  1.2
Dodging        | |  1.5
Stealth        | |  2.1
Spellcasting   | |  3.0
Summonings     | |  0.8
Fire Magic     | |  0.7
Air Magic      | |  0.5
Poison Magic   | |  0.7

Action                   |  1- 3 |  4- 6 || total
-------------------------+-------+-------++-------
Melee: Unarmed           |    33 |       ||    33
       Mace              |       |     4 ||     4
Throw: Tomahawk          |     3 |       ||     3
 Cast: Magic Dart        |    50 |    13 ||    63
  Eat: Chunk             |       |     1 ||     1
Armor: Robe              |    13 |     8 ||    21
Dodge: Dodged            |    51 |    15 ||    66
